 Dungeon Crawl Stone Soup version 0.25.0 (webtiles) character file.

Game seed: 224517352520569076

93 MuckingAbout the Skirmisher (level 4, 0/40 HPs)
             Began as a Hill Orc Fighter on June 12, 2020.
             Slain by Natasha (8 damage)
             ... on level 2 of the Dungeon.
             The game lasted 00:13:36 (1013 turns).

MuckingAbout the Skirmisher (Hill Orc Fighter)      Turns: 1013, Time: 00:13:37

Health: 0/40       AC: 12    Str: 19    XL:     4   Next: 61%
Magic:  4/4        EV:  7    Int:  8    God:
Gold:   44         SH:  9    Dex: 10    Spells: 3/3 levels left

rFire    . . .     SeeInvis .   a - +0 long sword
rCold    . . .     Gourm    .   c - +0 kite shield
rNeg     . . .     Faith    +   b - +0 scale mail
rPois    .         Spirit   .   (no helmet)
rElec    .         Reflect  .   m - scarf {repulsion}
rCorr    .         Harm     .   (no gloves)
MR       .....                  l - +0 pair of boots
Stlth    ..........             k - amulet of faith
HPRegen  0.13/turn              o - +4 ring of protection
MPRegen  0.09/turn              (no ring)

@: repel missiles
A: no striking features
a: no special abilities


You were on level 2 of the Dungeon.
You were not hungry.

You visited 1 branch of the dungeon, and saw 2 of its levels.

You collected 44 gold pieces.

Inventory:

Hand Weapons
 a - a +0 long sword (weapon)
Armour
 b - a +0 scale mail (worn)
 c - a +0 kite shield (worn)
 l - a +0 pair of boots (worn)
 m - a scarf of repulsion (worn)
Jewellery
 k - an amulet of faith (around neck)
 o - a +4 ring of protection (left hand)
Scrolls
 e - a scroll of fear
 g - a scroll of enchant armour
 h - a scroll of enchant weapon {unknown}
 i - 3 scrolls of identify
 j - a scroll of remove curse {unknown}
Potions
 d - a potion of might
 n - a potion of cancellation {unknown}
Comestibles
 f - 2 rations


   Skills:
 + Level 4.2 Fighting
 + Level 3.2 Long Blades
 + Level 3.8 Armour
 + Level 0.7 Dodging
 + Level 0.1 Stealth
 + Level 4.1 Shields


You had 3 spell levels left.
You didn't know any spells.
Your spell library was empty.

Dungeon Overview and Level Annotations

Branches:
Dungeon (2/15)

Altars:

Annotations:
D:2 Natasha


Message History

There is a stone staircase leading down, spattered with blood here.
Things that are here:
the felid corpse of Natasha; an adder corpse You start resting.
Natasha is too close now for your liking.
Natasha stares at you and mumbles some strange words.
The magic dart hits you!
* * * LOW HITPOINT WARNING * * *
Natasha claws you but does no damage.
You closely miss Natasha. Natasha barely misses you.
You miss Natasha. Natasha casts a spell at you. The magic dart hits you.
* * * LOW HITPOINT WARNING * * *
You closely miss Natasha. Natasha claws you but does no damage.
You block Natasha's attack.
You hit Natasha.
Natasha is moderately wounded.
Natasha claws you!
You die...

..............###
#.....## ###...........#
##)(#..#
............#.####.(##..#
###########.............#
# #>#.(.##......## .
#......#.##....?. .#
....###........### ...
#.. ##...##...# ###. ..
#.@### ..# # #h## ....
#># ## #.........#
#.........# #h...?$...#
#.........# #.........#
#.........#


You could see Natasha.

Vanquished Creatures
  Natasha (D:2)
  3 adders (D:2)
  A dart slug (D:2)
  3 giant cockroaches (D:2)
  8 goblins
  5 hobgoblins (D:1)
  5 kobolds
  4 bats (D:1)
  4 frilled lizards
  5 rats
39 creatures vanquished.

Notes
Turn   | Place    | Note
-------+----------+-------------------------------------------
     0 | D:1      | MuckingAbout the Hill Orc Fighter began the quest for the
                  | Orb.
     0 | D:1      | Reached XP level 1. HP: 19/19 MP: 1/1
   155 | D:1      | Reached XP level 2. HP: 25/27 MP: 2/2
   666 | D:1      | Reached XP level 3. HP: 33/33 MP: 3/3
   962 | D:2      | Reached XP level 4. HP: 34/40 MP: 4/4
   977 | D:2      | Noticed Natasha
   994 | D:2      | Killed Natasha
  1001 | D:2      | Noticed Natasha
  1013 | D:2      | Slain by Natasha

Illustrated notes

Levels and vault maps discovered:
D:1:      elethiomel_arrival_quiet, layout_basic
D:2:      layout_rooms, lemuel_doored_altar, uniq_natasha

Skill      XL: |  1  2  3  4 |
---------------+-------------+-----
Fighting       | 4 |  4.2
Long Blades    | 3 |  3.2
Shields        | 4 |  4.1
Armour         | |  3.8
Dodging        | |  0.7
Stealth        | |  0.1

Action                   |  1- 3 |  4- 6 || total
-------------------------+-------+-------++-------
Melee: Long sword        |   153 |    20 ||   173
  Use: Potion            |     1 |       ||     1
       Scroll            |     2 |       ||     2
  Eat: Ration            |     1 |       ||     1
Armor: Scale mail        |    53 |    10 ||    63
Dodge: Dodged            |    49 |     3 ||    52
       Repelled          |     1 |       ||     1
Block: Kite shield       |    71 |    10 ||    81
       Rpst.: Long sword |    17 |       ||    17
